AoeStats
← Peaceful Dota Player

Black Forest

510626145Analyzed
2v2 RM · 1d ago on Oct 1, 2026· 53m 21s· 4 players
Game mode
Random Map
Map size
Medium (4 player)
Population
200
Speed
Normal
Resources
Standard
Victory
Conquest
Starting age
Dark Age
Ending age
Imperial Age
RankedLock teamsTeams togetherTeam positionsShared explorationLock speedFull tech treeHidden civsTurbo modeCheats
Victory
Defeat
🇨🇭 Mongols · Switzerland
757
+15
🇦🇹 Persians · Austria
746
+15
🇮🇳 Teutons · India
741
-15
🇮🇳 Slavs · India
730
-26
Peaceful Dota Player
5:09 Loom
10:41 Feudal Age
13:25 Double-Bit Axe
14:01 Horse Collar
21:38 Castle Age
20:06 Stone Mining
20:08 Gold Mining
21:14 Bloodlines
23:01 Bow Saw
23:53 Man-at-Arms
25:03 Heavy Plow
27:48 Gold Shaft Mining
28:11 Wheelbarrow
27:22 Town Watch
33:54 Imperial Age
32:34 Detinets
34:21 Hand Cart
34:07 Town Patrol
35:30 Conscription
35:16 Elite Skirmisher
50:35 Ballistics
50:11 Murder Holes
51:04 Light Cavalry
Incognito3597
1:50 Loom
15:45 Feudal Age
16:11 Double-Bit Axe
19:57 Wheelbarrow
19:14 Horse Collar
20:06 Stone Mining
20:13 Gold Mining
20:22 Gold Mining
25:42 Castle Age
24:23 Man-at-Arms
26:12 Long Swordsman
26:38 Gambesons
26:40 Arson
26:51 Gambesons
26:28 Long Swordsman
27:09 Squires
26:30 Pikeman
27:28 Hand Cart
27:27 Bow Saw
31:45 Fletching
33:47 Stone Shaft Mining
34:07 Bodkin Arrow
38:34 Imperial Age
36:52 Elite Skirmisher
38:11 Scale Mail Armor
38:16 Scale Barding Armor
38:12 Padded Archer Armor
38:23 Forging
39:56 Crenellations
45:08 Cavalier
46:00 Bloodlines
50:28 Capped Ram
51:13 Town Watch
51:43 Caravan
Profis
9:51 Feudal Age
11:18 Double-Bit Axe
15:06 Wheelbarrow
14:17 Town Watch
19:24 Fishing Lines
20:41 Gold Mining
26:21 Castle Age
24:06 Loom
28:22 Caravan
31:50 Imperial Age
29:54 Bow Saw
30:20 Fortified Wall
32:07 Capped Ram
33:14 Drill
33:17 Conscription
32:58 Siege Ram
36:42 Elite Mangudai
40:08 Fletching
42:48 Bodkin Arrow
44:38 Chemistry
43:58 Ballistics
43:49 Bracer
50:36 Siege Engineers
30 sheeps
0:58 Loom
15:45 Feudal Age
20:51 Castle Age
20:16 Double-Bit Axe
20:14 Horse Collar
23:41 Town Watch
24:32 Wheelbarrow
26:02 Heavy Plow
29:21 Hand Cart
29:07 Town Patrol
32:12 Bow Saw
33:14 Gold Mining
33:14 Stone Mining
34:08 Masonry
37:52 Town Patrol
40:24 Imperial Age
40:38 Onager
42:10 Architecture
44:03 Hoardings
43:39 Citadels
43:50 Murder Holes
43:48 Fletching
46:43 Bloodlines
46:33 Husbandry
46:31 Bodkin Arrow
46:41 Scale Barding Armor
46:37 Scale Mail Armor
46:09 Capped Ram
47:16 Cavalier
48:18 Chain Barding Armor
48:09 Forging
48:42 Fervor
48:48 Block Printing
50:35 Chemistry
48:58 Siege Ram
50:53 Herbal Medicine
51:07 Guard Tower
51:37 Ballistics
52:04 Gold Shaft Mining
51:19 Stone Mining
52:57 Stone Shaft Mining
54:26 Two-Man Saw
53:57 Crop Rotation
Connection lost

Rejoining the realm…

Still unreachable

The connection could not be restored.

Session expired

The server has moved on; the page needs a fresh start.